 Dungeon Crawl Stone Soup version 0.29.0-7-g18a832c13a (webtiles) character file.

Game seed: 7860487468261788150

15 Leibowitz the Trooper (level 2, -1/19 HPs)
             Began as a Kobold Fighter on Aug 30, 2022.
             Slain by a goblin
             ... wielding a +0 club
              (4 damage)
             ... on level 1 of the Dungeon.
             The game lasted 00:01:04 (986 turns).

Leibowitz the Trooper (Kobold Fighter)               Turns: 986, Time: 00:01:04

Health: -1/19      AC:  3    Str: 13    XL:     2   Next: 65%
Magic:  2/2        EV:  9    Int:  9    God:
Gold:   32         SH:  5    Dex: 14    Spells: 1/1 levels left

rFire   . . .      SeeInvis .   a - +0 rapier
rCold   . . .      Faith    .   c - +0 buckler
rNeg    . . .      Spirit   .   i - +0 leather armour
rPois   .          Reflect  .   (no helmet)
rElec   .          Harm     .   (no cloak)
rCorr   .          Rampage  .   (no gloves)
Will    .....                   (no boots)
Stlth   ++........              (no amulet)
HPRegen 0.06/turn               (no ring)
MPRegen 0.08/turn               (no ring)

@: constricted
A: small, no large weapons, nightstalker 3
a: no special abilities


You were on level 1 of the Dungeon.
You visited 1 branch of the dungeon, and saw 1 of its levels.

You collected 32 gold pieces.

Inventory:

Hand Weapons
 a - a +0 rapier (weapon)
Missiles
 e - 4 poisoned darts (quivered)
Armour
 c - a +0 buckler (worn)
 i - a +0 leather armour (worn)
Scrolls
 b - a scroll of enchant weapon {unknown}
 f - a scroll of amnesia {unknown}
 j - a scroll of brand weapon {unknown}
Potions
 d - a potion of might
 g - a potion of magic {unknown}
 h - a potion of brilliance {unknown}


   Skills:
 * Level 3.4 Fighting
 * Level 2.9 Short Blades
 * Level 2.5 Armour
 * Level 0.4 Dodging
 * Level 0.9 Stealth
 * Level 2.6 Shields


You had one spell level left.
You didn't know any spells.
Your spell library was empty.

Dungeon Overview and Level Annotations

Branches:
Dungeon (1/15)

Altars:


Innate Abilities, Weirdness & Mutations

You are small and have problems with some larger weapons.
You are completely attuned to the shadows.


Message History

A ball python comes into view.
The ball python hisses angrily. x2; You hear a shout!
You see here 10 gold pieces.
The ball python bites you. You block the ball python's attack.
A goblin comes into view. It is wielding a +0 club.
The ball python bites you but does no damage.
The ball python closely misses you.
You hit the ball python but do no damage.
The ball python bites you. The ball python barely misses you. x3
The ball python closely misses you. x2
You barely miss the ball python.
The ball python bites you but does no damage.
You block the ball python's attack. The ball python barely misses you.
The ball python closely misses you.
You closely miss the ball python.
The ball python bites you but does no damage.
The ball python closely misses you. The ball python barely misses you.
The ball python misses you. The ball python barely misses you.
The ball python closely misses you.
You closely miss the ball python. You block the ball python's attack.
The ball python grabs you. The ball python constricts you.
The ball python bites you but does no damage.
The ball python bites you. The ball python constricts you.
You closely miss the ball python.
The ball python bites you but does no damage.
The ball python bites you. The ball python constricts you.
You barely miss the ball python. The ball python bites you.
The goblin misses you. The ball python bites you.
The ball python constricts you. The ball python bites you.
You puncture the ball python!
You kill the ball python!
The goblin hits you with a +0 club.
* * * LOW HITPOINT WARNING * * *
You block the ball python's attack. The ball python misses you.
The goblin barely misses you. The ball python closely misses you.
The ball python grabs you. The ball python constricts you.
* * * LOW HITPOINT WARNING * * *
You see here a ball python corpse.
You completely miss the ball python. The goblin hits you with a +0 club.
You die...

#########
.........
..........
....g@S...
..........
..#...$....
..##.......
...........
...........
≈.........#..#
≈.....#...#..#
≈....##...#..#


You could see a goblin and a ball python.

Vanquished Creatures
  An endoplasm (D:1)
  A hobgoblin (D:1)
  2 kobolds (D:1)
  A quokka (D:1)
  3 ball pythons (D:1)
  2 bats (D:1)
  2 frilled lizards (D:1)
  3 rats (D:1)
15 creatures vanquished.

Notes
Turn   | Place    | Note
-------+----------+-------------------------------------------
     0 | D:1      | Leibowitz the Kobold Fighter began the quest for the Orb.
     0 | D:1      | Reached XP level 1. HP: 14/14 MP: 1/1
   225 | D:1      | Reached XP level 2. HP: 8/19 MP: 2/2
   986 | D:1      | Slain by a goblin

Illustrated notes

Levels and vault maps discovered:
D:1:      lightli_arrival_quake, layout_basic, chequers_serial_rivers_micro_d,
          kennysheep_decorative_pillar, minmay_tromino_v4_c

Action                   || total
-------------------------++-------
Melee: Rapier            ||    49
 Stab: Sleeping          ||     3
Armor: Scale mail        ||     7
       Leather armour    ||    10
Dodge: Dodged            ||    35
Block: Buckler           ||    16
